PCL
WALLA WALLA ALL-STARS @ DISTRICT 9 PRAWNS
09/02/2023
 
TOP OF THE 1ST
Walla Walla All-Stars batting - Pitching for District 9 Prawns : LHP David Jackson
Pitching: LHP David Jackson
Batting: LHB Mike Young 0-0: Ball
1-0: Ball
2-0: Fly out, F6 (Popup, 6MD)
Batting: RHB Daniel Guerrero 0-0: Fly out, F9 (Flyball, 9LMF)
Batting: RHB Lorenzo Morín 0-0: Foul Ball, location: 2F
0-1: Ball
1-1: Called Strike
1-2: Ground out 5-3 (Groundball, 5)
Top of the 1st over - 0 run(s), 0 hit(s), 0 error(s), 0 left on base; Walla Walla 0 - District 9 0
BOTTOM OF THE 1ST
District 9 Prawns batting - Pitching for Walla Walla All-Stars : RHP Arturo Martínez
Pitching: RHP Arturo Martínez
Batting: RHB Lúcio García 0-0: Called Strike
0-1: Ball
1-1: Fly out, F7 (Flyball, 7M)
Batting: RHB Marcos Moreno 0-0: Called Strike
0-1: Ball
1-1: Ball
2-1: Foul Ball, location: 2F
2-2: Strikes out looking
Batting: LHB Ryan Hensley 0-0: Ball
1-0: Ball
2-0: Ball
3-0: Foul Ball, location: 2F
3-1: Swinging Strike
3-2: Base on Balls
Batting: RHB Mal Snyder 0-0: Called Strike
0-1: Ground out 5-3 (Groundball, 5L)
Bottom of the 1st over - 0 run(s), 0 hit(s), 0 error(s), 1 left on base; Walla Walla 0 - District 9 0
TOP OF THE 2ND
Walla Walla All-Stars batting - Pitching for District 9 Prawns : LHP David Jackson
Batting: RHB Claudio Guerra 0-0: Ball
1-0: Called Strike
1-1: Foul Ball, location: 2F
1-2: Fly out, F3 (Popup, 3F)
Batting: SHB Clinton Watson 0-0: Called Strike
0-1: Swinging Strike
0-2: Foul Ball, location: 2F
0-2: Foul Ball, location: 2F
0-2: Strikes out looking
Batting: RHB Pablo Lucero 0-0: Called Strike
0-1: Foul Ball, location: 2F
0-2: Ball
1-2: Strikes out swinging
Top of the 2nd over - 0 run(s), 0 hit(s), 0 error(s), 0 left on base; Walla Walla 0 - District 9 0
BOTTOM OF THE 2ND
District 9 Prawns batting - Pitching for Walla Walla All-Stars : RHP Arturo Martínez
Batting: RHB Alfredo Cortéz 0-0: Called Strike
0-1: Ball
1-1: Ball
2-1: Foul Ball, location: 2F
2-2: Foul Ball, location: 2F
2-2: Foul Ball, location: 2F
2-2: Ball
3-2: Foul Ball, location: 2F
3-2: Ground out 5-3 (Groundball, 5)
Batting: LHB Brian Roy 0-0: Foul Ball, location: 2F
0-1: Ball
1-1: SINGLE (Groundball, 5D)
Batting: LHB Scott MacDonald 0-0: Ball
1-0: Swinging Strike
1-1: Swinging Strike
1-2: Foul Ball, location: 2F
1-2: Ball
2-2: SINGLE (Line Drive, 8RS)
Brian Roy to second
Batting: RHB Bill Beck 0-0: Called Strike
0-1: Fly out, F4 (Popup, 4D)
Batting: RHB Manuel Cortéz 0-0: Foul Ball, location: 2F
0-1: Ball
1-1: Ball
2-1: Fly out, F8 (Line Drive, 8LS)
Bottom of the 2nd over - 0 run(s), 2 hit(s), 0 error(s), 2 left on base; Walla Walla 0 - District 9 0
TOP OF THE 3RD
Walla Walla All-Stars batting - Pitching for District 9 Prawns : LHP David Jackson
Batting: SHB Sean Carr 0-0: Called Strike
0-1: Ball
1-1: Foul Ball, location: 2F
1-2: Ball
2-2: SINGLE (Groundball, 5D)
Batting: RHB Santiago Vallés 0-0: Ball
1-0: Grounds into double play, 6-4-3 (Groundball, 6M)
Batting: LHB Bob Martin 0-0: Ball
1-0: Foul Ball, location: 2F
1-1: Foul Ball, location: 2F
1-2: Ball
2-2: Ball
3-2: Strikes out swinging
Top of the 3rd over - 0 run(s), 1 hit(s), 0 error(s), 0 left on base; Walla Walla 0 - District 9 0
BOTTOM OF THE 3RD
District 9 Prawns batting - Pitching for Walla Walla All-Stars : RHP Arturo Martínez
Batting: RHB Lúcio García 0-0: Foul Ball, location: 2F
0-1: Ball
1-1: Ball
2-1: Ball
3-1: Base on Balls
Batting: RHB Marcos Moreno 0-0: Ball
1-0: Foul Ball, location: 2F
1-1: Swinging Strike
1-2: Ball
2-2: SINGLE (Popup, 4D)
Lúcio García to second
Runner from 2nd tries for 3rd, SAFE, no throw or cutoff
Batting: LHB Ryan Hensley 0-0: Called Strike
0-1: Ball
1-1: DOUBLE (Flyball, 8RXD)
Lúcio García scores
Marcos Moreno to third
Batting: RHB Mal Snyder 0-0: Ball
1-0: Ball
2-0: Ball
3-0: Called Strike
3-1: Called Strike
3-2: Strikes out swinging
Batting: RHB Alfredo Cortéz 0-0: Called Strike
0-1: Ground out 6-3 (Groundball, 6)
Marcos Moreno scores
Batting: LHB Brian Roy 0-0: Ball
1-0: Called Strike
1-1: Ball
2-1: Called Strike
2-2: Foul Ball, location: 2F
2-2: Foul Ball, location: 2F
2-2: Foul Ball, location: 2F
2-2: Ball
3-2: Base on Balls
Batting: LHB Scott MacDonald 0-0: Called Strike
0-1: Fly out, F5 (Popup, 5SF)
Bottom of the 3rd over - 2 run(s), 2 hit(s), 0 error(s), 2 left on base; Walla Walla 0 - District 9 2
TOP OF THE 4TH
Walla Walla All-Stars batting - Pitching for District 9 Prawns : LHP David Jackson
Batting: LHB Mike Young 0-0: Called Strike
0-1: Swinging Strike
0-2: Foul Ball, location: 2F
0-2: Strikes out swinging
Batting: RHB Daniel Guerrero 0-0: Fly out, F8 (Line Drive, 89M)
Batting: RHB Lorenzo Morín 0-0: Ball
1-0: DOUBLE (Popup, 3D)
Batting: RHB Claudio Guerra 0-0: SINGLE (Line Drive, 89S)
Lorenzo Morín to third
Runner from 3rd tries for Home, SAFE, no throw or cutoff
Batting: SHB Clinton Watson 0-0: Foul Ball, location: 2F
0-1: Ball
1-1: Foul Ball, location: 2F
1-2: Strikes out swinging
Top of the 4th over - 1 run(s), 2 hit(s), 0 error(s), 1 left on base; Walla Walla 1 - District 9 2
BOTTOM OF THE 4TH
District 9 Prawns batting - Pitching for Walla Walla All-Stars : RHP Arturo Martínez
Batting: RHB Bill Beck 0-0: Foul Ball, location: 2F
0-1: Called Strike
0-2: Strikes out looking
Batting: RHB Manuel Cortéz 0-0: Swinging Strike
0-1: Foul Ball, location: 2F
0-2: Fly out, F6 (Popup, 6M)
Batting: RHB Lúcio García 0-0: Called Strike
0-1: Ball
1-1: Ball
2-1: Ball
3-1: Base on Balls
Pitching: RHP John Bowden
Batting: RHB Marcos Moreno 0-0: Ball
Wild Pitch!
Lúcio García to second
1-0: SINGLE (Line Drive, 4M)
Lúcio García to third
Runner from 3rd tries for Home, SAFE, no throw or cutoff
Batting: LHB Ryan Hensley 0-0: Foul Ball, location: 2F
0-1: Ball
1-1: Ball
2-1: Foul Ball, location: 2F
2-2: Fielders Choice at 2nd, U4 (Groundball, 4M)
Bottom of the 4th over - 1 run(s), 1 hit(s), 0 error(s), 1 left on base; Walla Walla 1 - District 9 3
TOP OF THE 5TH
Walla Walla All-Stars batting - Pitching for District 9 Prawns : LHP David Jackson
Batting: RHB Pablo Lucero 0-0: Foul Ball, location: 2F
0-1: Swinging Strike
0-2: SINGLE (Groundball, 25) (infield hit)
Batting: SHB Sean Carr 0-0: Ball
1-0: Swinging Strike
1-1: Ball
2-1: Ball
3-1: Swinging Strike
3-2: Foul Ball, location: 2F
3-2: Strikes out swinging
Batting: RHB Santiago Vallés 0-0: Ball
1-0: Ball
2-0: Fielders Choice at 2nd, U6 (Groundball, 6M)
Batting: LHB Bob Martin 0-0: Called Strike
0-1: Ball
1-1: DOUBLE (Line Drive, 78M)
Santiago Vallés to third
Runner from 3rd tries for Home, SAFE, no throw or cutoff
Batting: LHB Mike Young 0-0: Swinging Strike
0-1: Swinging Strike
0-2: Ball
1-2: Strikes out swinging
Top of the 5th over - 1 run(s), 2 hit(s), 0 error(s), 1 left on base; Walla Walla 2 - District 9 3
BOTTOM OF THE 5TH
District 9 Prawns batting - Pitching for Walla Walla All-Stars : RHP John Bowden
Batting: RHB Mal Snyder 0-0: Called Strike
0-1: Ball
1-1: Foul Ball, location: 2F
1-2: Ball
2-2: SOLO HOME RUN (Flyball, 7D), Distance : 390 ft
Batting: RHB Alfredo Cortéz 0-0: Called Strike
0-1: Called Strike
0-2: Fly out, F7 (Flyball, 7M)
Batting: LHB Brian Roy 0-0: Called Strike
0-1: Ball
1-1: Ball
2-1: Fly out, F3 (Line Drive, 3L)
Batting: LHB Scott MacDonald 0-0: Ball
1-0: Called Strike
1-1: Foul Ball, location: 2F
1-2: Ball
2-2: Ball
3-2: Base on Balls
Batting: RHB Bill Beck 0-0: Foul Ball, location: 2F
0-1: Called Strike
0-2: Ball
1-2: SINGLE (Line Drive, 34D)
Scott MacDonald to second
Batting: RHB Manuel Cortéz 0-0: Ball
1-0: Ball
2-0: Called Strike
2-1: Ball
3-1: Base on Balls
Scott MacDonald to third
Bill Beck to second
Batting: RHB Lúcio García 0-0: Ball
1-0: Ground out 4-3 (Groundball, 4)
Bottom of the 5th over - 1 run(s), 2 hit(s), 0 error(s), 3 left on base; Walla Walla 2 - District 9 4
TOP OF THE 6TH
Walla Walla All-Stars batting - Pitching for District 9 Prawns : LHP David Jackson
Batting: RHB Daniel Guerrero 0-0: Ball
1-0: Ground out 6-3 (Groundball, 6)
Batting: RHB Lorenzo Morín 0-0: Called Strike
0-1: Ball
1-1: Swinging Strike
1-2: Foul Ball, location: 2F
1-2: Ball
2-2: Foul Ball, location: 2F
2-2: Fly out, F3 (Popup, 4S)
Batting: RHB Claudio Guerra 0-0: Ball
1-0: Swinging Strike
1-1: Foul Ball, location: 2F
1-2: SOLO HOME RUN (Flyball, 78XD), Distance : 423 ft
Batting: SHB Clinton Watson 0-0: SINGLE (Line Drive, 78S)
Batting: RHB Pablo Lucero 0-0: Ball
1-0: Ball
2-0: Ball
3-0: Base on Balls
Clinton Watson to second
Batting: SHB Sean Carr 0-0: Called Strike
0-1: Ball
1-1: SINGLE (Line Drive, 34)
Clinton Watson to third
Pablo Lucero to second
Runner from 3rd tries for Home, SAFE, no throw or cutoff
Batting: RHB Santiago Vallés 0-0: Ball
1-0: Fly out, F8 (Flyball, 8RM)
Top of the 6th over - 2 run(s), 3 hit(s), 0 error(s), 2 left on base; Walla Walla 4 - District 9 4
BOTTOM OF THE 6TH
District 9 Prawns batting - Pitching for Walla Walla All-Stars : RHP John Bowden
Batting: RHB Marcos Moreno 0-0: Called Strike
0-1: Fly out, F9 (Flyball, 89M)
Batting: LHB Ryan Hensley 0-0: Called Strike
0-1: Ball
1-1: Foul Ball, location: 2F
1-2: Ground out 1-3 (Groundball, 2L)
Batting: RHB Mal Snyder 0-0: Ball
1-0: Foul Ball, location: 2F
1-1: Ball
2-1: Ball
3-1: Foul Ball, location: 2F
3-2: Ground out U3 (Groundball, 3)
Bottom of the 6th over - 0 run(s), 0 hit(s), 0 error(s), 0 left on base; Walla Walla 4 - District 9 4
TOP OF THE 7TH
Walla Walla All-Stars batting - Pitching for District 9 Prawns : LHP David Jackson
Pitching: RHP Alberto Vega
Batting: LHB Bob Martin 0-0: Called Strike
0-1: Ground out 4-3 (Groundball, 4)
Batting: LHB Mike Young 0-0: Called Strike
0-1: Swinging Strike
0-2: Foul Ball, location: 2F
0-2: Ball
1-2: Strikes out swinging
Pinch Hitting: SHB Ryu Kichida 0-0: Foul Ball, location: 2F
0-1: Fly out, F8 (Flyball, 78M)
Top of the 7th over - 0 run(s), 0 hit(s), 0 error(s), 0 left on base; Walla Walla 4 - District 9 4
BOTTOM OF THE 7TH
District 9 Prawns batting - Pitching for Walla Walla All-Stars : RHP John Bowden
Pitching: LHP Edgardo Guzmán
Now at 2B: Ryu Kichida
Batting: RHB Alfredo Cortéz 0-0: Ball
1-0: Ball
2-0: Foul Ball, location: 2F
2-1: Ball
3-1: Swinging Strike
3-2: Foul Ball, location: 2F
3-2: Base on Balls
Batting: LHB Brian Roy 0-0: Sac Bunt - play at second, runner OUT! 2-6
Pinch Hitting: RHB Lateef Makini 0-0: Called Strike
0-1: Ball
1-1: Called Strike
1-2: SINGLE (Groundball, 6MD) (infield hit)
Brian Roy to second
Batting: RHB Bill Beck 0-0: Foul Ball, location: 2F
0-1: Called Strike
0-2: Ball
1-2: Ball
2-2: SINGLE (Line Drive, 5S)
Brian Roy to third
Lateef Makini to second
Runner from 3rd tries for Home, SAFE, no throw or cutoff
Batting: RHB Manuel Cortéz 0-0: Ball
1-0: Ball
2-0: Ball
3-0: Foul Ball, location: 2F
3-1: Base on Balls
Lateef Makini to third
Bill Beck to second
Batting: RHB Lúcio García 0-0: Ball
1-0: Foul Ball, location: 2F
1-1: Ball
2-1: Ball
3-1: Fly out, F4 (Popup, 4MS)
Pitching: RHP Ricky Gutiérrez
Pinch Hitting: LHB Enrique Nalasco 0-0: Foul Ball, location: 2F
0-1: Swinging Strike
0-2: Ball
1-2: Ball
2-2: Ball
3-2: Strikes out swinging
Bottom of the 7th over - 1 run(s), 2 hit(s), 0 error(s), 3 left on base; Walla Walla 4 - District 9 5
TOP OF THE 8TH
Walla Walla All-Stars batting - Pitching for District 9 Prawns : RHP Alberto Vega
Pitching: RHP César Rúbio
Now at 2B: Finley Frogley
Now in LF: Enrique Nalasco
Batting: RHB Lorenzo Morín 0-0: Ball
1-0: Ball
2-0: Ball
3-0: Called Strike
3-1: Base on Balls
Batting: RHB Claudio Guerra 0-0: Ball
1-0: Called Strike
1-1: Foul Ball, location: 2F
1-2: Foul Ball, location: 2F
1-2: Ball
2-2: Foul Ball, location: 2F
2-2: Foul Ball, location: 2F
2-2: Ball
3-2: Base on Balls
Lorenzo Morín to second
Pinch Runner at 2nd Salvador Ruíz:
Batting: SHB Clinton Watson 0-0: Ball
1-0: Called Strike
1-1: Foul Ball, location: 2F
1-2: Ball
2-2: Ball
3-2: Base on Balls
Salvador Ruíz to third
Claudio Guerra to second
Batting: RHB Pablo Lucero 0-0: Foul Ball, location: 2F
0-1: Foul Ball, location: 2F
0-2: Strikes out looking
Batting: SHB Sean Carr 0-0: Called Strike
0-1: Swinging Strike
0-2: Ball
1-2: SINGLE (Line Drive, 6D)
Salvador Ruíz scores
Claudio Guerra to third
Clinton Watson to second
Pinch Hitting: SHB Vicente Martínez 0-0: Foul Ball, location: 2F
0-1: Ball
1-1: Foul Ball, location: 2F
1-2: Strikes out looking
Batting: LHB Bob Martin 0-0: Ball
1-0: Ball
2-0: Called Strike
2-1: Ball
3-1: Base on Balls
Claudio Guerra scores
Clinton Watson to third
Sean Carr to second
Pitching: RHP Troy Keough
Batting: LHB Mike Young 0-0: Called Strike
0-1: Ground out 5-3 (Groundball, 5S)
Top of the 8th over - 2 run(s), 1 hit(s), 0 error(s), 3 left on base; Walla Walla 6 - District 9 5
BOTTOM OF THE 8TH
District 9 Prawns batting - Pitching for Walla Walla All-Stars : RHP Ricky Gutiérrez
Pitching: RHP José González
Now at 1B: Jeff Thompson
Now in LF: Salvador Ruíz
Batting: LHB Ryan Hensley 0-0: Ball
1-0: Ball
2-0: Called Strike
2-1: Ball
3-1: Called Strike
3-2: Foul Ball, location: 2F
3-2: Strikes out swinging
Batting: RHB Mal Snyder 0-0: Called Strike
0-1: Foul Ball, location: 2F
0-2: Ball
1-2: Strikes out looking
Batting: RHB Alfredo Cortéz 0-0: Called Strike
0-1: Ball
1-1: Foul Ball, location: 2F
1-2: Ball
2-2: Foul Ball, location: 2F
2-2: Ground out 6-3 (Groundball, 6)
Bottom of the 8th over - 0 run(s), 0 hit(s), 0 error(s), 0 left on base; Walla Walla 6 - District 9 5
TOP OF THE 9TH
Walla Walla All-Stars batting - Pitching for District 9 Prawns : RHP Troy Keough
Batting: SHB Ryu Kichida 0-0: Ball
1-0: Ball
2-0: Ball
3-0: Called Strike
3-1: Base on Balls
Batting: LHB Salvador Ruíz 0-0: Called Strike
0-1: Ball
1-1: Foul Ball, location: 2F
1-2: Foul Ball, location: 2F
1-2: Strikes out looking
Batting: RHB Claudio Guerra 0-0: Foul Ball, location: 2F
0-1: Grounds into double play, 6-4-3 (Groundball, 6)
Top of the 9th over - 0 run(s), 0 hit(s), 0 error(s), 0 left on base; Walla Walla 6 - District 9 5
BOTTOM OF THE 9TH
District 9 Prawns batting - Pitching for Walla Walla All-Stars : RHP José González
Pitching: LHP Pepe Caro
Now at C: Luke McIndoe
Batting: LHB Brian Roy 0-0: Ball
1-0: Fly out, F2 (Popup, 2R)
Pinch Hitting: RHB Tony Guzmán 0-0: Ball
1-0: Foul Ball, location: 2F
1-1: Ball
2-1: Ball
3-1: Swinging Strike
3-2: Strikes out swinging
Batting: RHB Bill Beck 0-0: Ball
1-0: Swinging Strike
1-1: Swinging Strike
1-2: Fly out, F8 (Flyball, 8RM)
Bottom of the 9th over - 0 run(s), 0 hit(s), 0 error(s), 0 left on base; Walla Walla 6 - District 9 5
This league is powered by Out of the Park Baseball, the baseball management simulation game for PC, Mac and Linux
Wednesday, December 2nd, 2015 - OOTP Baseball 16.8 Build 38